 Dungeon Crawl Stone Soup version 0.21-a0-221-gfe971b9 (webtiles) character file.

3591 Gorglomux the Cleaver (level 10, 0/93 HPs)
             Began as a Hill Orc Earth Elementalist on Aug 24, 2017.
             Was a Priest of Okawaru.
             Succumbed to a green ugly thing's poison
             ... on level 7 of the Dungeon.
             The game lasted 00:19:45 (12191 turns).

Gorglomux the Cleaver (HOEE)                       Turns: 12191, Time: 00:19:46

Health: 0/93       AC: 15    Str: 13 (15) XL:     10   Next: 10%
Magic:  12/12      EV:  0    Int: 13 (15) God:    Okawaru [***...]
Gold:   406        SH: 11    Dex: 10 (11) Spells: 11/12 levels left

rFire    + . .     SeeInvis .   n - +1 hand axe
rCold    . . .     Gourm    .   O - +0 large shield (curse)
rNeg     . . .     Faith    .   Z - +0 plate armour
rPois    .         Spirit   .   (no helmet)
rElec    .         Reflect  .   (no cloak)
rCorr    .         Harm     .   Y - +0 pair of gloves
MR       .....                  y - +0 pair of boots
Stlth    ..........             W - amulet of rage
HPRegen  0.25/turn              f - ring of protection from fire
MPRegen  0.13/turn              (no ring)

@: lethally poisoned (0 -> -1), very slightly contaminated, hasted, very quick
A: no striking features
a: Heroism, Renounce Religion, Evoke Berserk Rage


You were on level 7 of the Dungeon.
You worshipped Okawaru.
Okawaru was most pleased with you.
You were not hungry.

You visited 1 branch of the dungeon, and saw 7 of its levels.

You collected 406 gold pieces.

Inventory:

Hand Weapons
 n - a +1 hand axe (weapon)
 S - a +2 falchion of flaming
Missiles
 b - 80 stones (quivered)
Armour
 y - a +0 pair of boots (worn)
 O - a cursed +0 large shield (worn)
 Y - a +0 pair of gloves (worn)
 Z - a +0 plate armour (worn)
Jewellery
 f - a ring of protection from fire (left hand)
 C - a +3 amulet of reflection
 W - an amulet of rage (around neck)
Scrolls
 i - 2 scrolls of recharging
 j - 6 scrolls of remove curse
 F - a scroll of noise {unknown}
 I - a scroll of fog {unknown}
 K - a scroll of random uselessness {unknown}
 M - a scroll of magic mapping
 N - a scroll of immolation
 Q - a scroll of blinking {unknown}
 U - a scroll of enchant armour {unknown}
 V - 2 scrolls of enchant weapon
 X - a scroll of fear
Potions
 m - 2 potions of agility
 A - a potion of haste
 D - a potion of mutation {!q}
 L - 2 potions of might
 P - a potion of flight
 R - a potion of resistance
Books
 e - a book of Geomancy

   Spells                             Type                      Level
   a - Sandblast                      Earth                        1
   b - Passwall                       Transmutation/Earth          2
   c - Stone Arrow                    Conjuration/Earth            3
   d - Petrify                        Transmutation/Earth          4
   e - Lee's Rapid Deconstruction     Earth                        5
Comestibles
 o - 12 bread rations
 z - 5 meat rations
 E - 7 fruits
 J - 5 royal jellies


   Skills:
 - Level 10.1 Fighting
 + Level 11.6 Axes
 + Level 6.0 Armour
 - Level 1.5 Dodging
 - Level 1.5 Stealth
 + Level 1.9 Shields
 - Level 1.5 Spellcasting
   Level 0.6 Transmutations
 - Level 4.0 Earth Magic


You had 11 spell levels left.
You knew the following spells:

 Your Spells              Type           Power        Failure   Level  Hunger
a - Sandblast             Erth           ##....       100%        1    ##.....


Dungeon Overview and Level Annotations

Branches:
Dungeon (7/15)             Temple (0/1) D:5

Altars:
Hepliaklqana
Kikubaaqudgha
Okawaru
Ru
Uskayaw
Wu Jian
The Shining One

Annotations:
D:7 Ijustatesigmund's ghost, novice GrFi


Message History

* * * don't die
* * * Butt feel sick!
You feel yourself speed up! * * * don't die
* * * You feel butt! * * * don't die
* * * You feel sick!
There is an ornate altar of the Wu Jian Council butt! * * * don't die
* * * Butt feel sick! * * * don't die
* * * You feel butt! * * * don't die
* * * You feel sick! * * * don't die
* * * You feel sick!
You recover from your berserk rage!
You fail to use your ability!
You fail to use your ability! rip

.#
#..#....###..##'#.......
.#
#..####o.....##.#.......
.#
#.)..........##.#.......
.#
#.............#.###.....
.# ##.....J...[..#.#
#..... .# #............#.#
###### .# #............#.#
.# ##+#.........#.# .#
#.#.#@......#.# .#
#...........#.#
.#############.#.......#.#
...................#####.#
##############.##### #.#
#.# #.# #.# #o# #.# #o#
#.# #.#


You could see an orc warrior and an ooze.

Vanquished Creatures
  Joseph (D:7)
  A hippogriff (D:7)
  6 yaks (D:7)
  A water moccasin (D:7)
  An orc warrior (D:6)
  A phantom (D:5)
  A sky beast (D:5)
  A necrophage (D:6)
  A black bear (D:7)
  3 ogres
  A centaur (D:5)
  2 bullfrogs
  3 scorpions
  A water moccasin skeleton (D:7)
  2 jellies
  A vampire bat (D:3)
  3 howler monkeys (D:7)
  3 crimson imps
  3 hounds
  3 orc priests (D:5)
  2 bullfrog skeletons
  4 orc wizards
  Ijyb (D:3)
  An iguana (D:6)
  A worker ant (D:5)
  A worker ant zombie (D:5)
  10 adders
  4 shadow imps
  3 oozes
  An adder zombie (D:6)
  3 worms (D:2)
  3 dart slugs
  9 leopard geckos
  22 orcs
  4 bat skeletons (D:3)
  2 bat zombies (D:3)
  9 giant cockroaches
  10 goblins
  10 hobgoblins
  13 jackals
  3 quokkas
  A ball python (D:4)
  9 bats
  3 frilled lizards
  A jackal zombie (D:6)
  9 kobolds
  A leopard gecko skeleton (D:6)
  A quokka skeleton (D:6)
  12 rats
192 creatures vanquished.

Notes
Turn   | Place    | Note
-------+----------+-------------------------------------------
     0 | D:1      | Gorglomux the Hill Orc Earth Elementalist began the quest for the Orb.
     0 | D:1      | Reached XP level 1. HP: 14/14 MP: 3/3
   215 | D:1      | Reached skill level 1 in Fighting
   416 | D:1      | Reached XP level 2. HP: 24/24 MP: 4/4
   596 | D:1      | Reached XP level 3. HP: 25/29 MP: 5/5
  1625 | D:2      | Reached skill level 3 in Fighting
  2034 | D:2      | Reached XP level 4. HP: 28/38 MP: 0/6
  2530 | D:2      | Found a hide-covered altar of Uskayaw.
  3117 | D:2      | Found an iron altar of Okawaru.
  3131 | D:2      | Became a worshipper of Warmaster Okawaru
  3547 | D:3      | Noticed Ijyb
  3575 | D:3      | Killed Ijyb
  3575 | D:3      | Reached XP level 5. HP: 45/47 MP: 7/7
  3872 | D:3      | Found an ancient bone altar of Kikubaaqudgha.
  3954 | D:3      | Found a faded altar of an unknown god.
  4530 | D:3      | Reached skill level 1 in Axes
  4896 | D:3      | Reached XP level 6. HP: 48/57 MP: 5/8
  5052 | D:4      | Reached skill level 2 in Axes
  5127 | D:4      | Reached skill level 6 in Fighting
  5193 | D:4      | Reached skill level 3 in Axes
  5690 | D:4      | Reached * piety under Okawaru
  5853 | D:4      | Reached XP level 7. HP: 61/64 MP: 7/9
  6092 | D:3      | Reached skill level 4 in Axes
  6778 | D:5      | Entered Level 5 of the Dungeon
  6799 | D:5      | Found a staircase to the Ecumenical Temple.
  6815 | D:5      | Reached skill level 5 in Axes
  7016 | D:5      | Reached skill level 6 in Axes
  7248 | D:5      | Found a glowing golden altar of the Shining One.
  7374 | D:5      | Reached XP level 8. HP: 56/74 MP: 5/10
  7818 | D:6      | Reached skill level 7 in Axes
  7941 | D:6      | HP: 1/75 [bullfrog (8)]
  8416 | D:5      | Reached skill level 9 in Fighting
  8451 | D:6      | Reached skill level 8 in Axes
  8848 | D:5      | Reached ** piety under Okawaru
  9374 | D:6      | Found a sacrificial altar of Ru.
  9446 | D:6      | Reached XP level 9. HP: 73/85 MP: 11/11
  9572 | D:6      | Reached skill level 9 in Axes
  9792 | D:6      | Found a hazy altar of Hepliaklqana.
 10078 | D:7      | Noticed Joseph
 10569 | D:7      | Reached skill level 1 in Armour
 11199 | D:7      | Found an ornate altar of the Wu Jian Council.
 11220 | D:7      | Reached skill level 10 in Axes
 11220 | D:7      | Reached skill level 3 in Armour
 11285 | D:7      | Reached skill level 11 in Axes
 11335 | D:7      | HP: 3/127 [yak (11)]
 11419 | D:7      | Noticed Ijustatesigmund's ghost (novice GrFi)
 11774 | D:7      | Killed Joseph
 11774 | D:7      | Reached *** piety under Okawaru
 11774 | D:7      | Reached skill level 1 in Shields
 11774 | D:7      | Reached XP level 10. HP: 93/93 MP: 10/12
 12125 | D:7      | Reached skill level 6 in Armour
 12131 | D:7      | Noticed a green ugly thing
 12175 | D:7      | HP: 4/93 [poisoned by a green ugly thing]
 12180 | D:7      | HP: 2/93 [poisoned by a green ugly thing]
 12185 | D:7      | HP: 1/93 [poisoned by a green ugly thing]
 12191 | D:7      | Succumbed to a green ugly thing's poison

Vault maps used:
D:1:      dpeg_arrival_leaves_temple_mockup
D:2:      eat_drink_and_be_merry_uskayaw, okawaru_metal_pillars_1_2
D:3:      kennysheep_vampire_church, chequers_ecumenical_altar_simple, uniq_ijyb
D:5:      tso_oasis_becter, minmay_temple_entry_junction_2, first_bread
D:6:      kennysheep_mini, hangedman_ru_absence
D:7:      zin_scriptorium, nicolae_overflow_crystal_walls, lightli_orcish_oven,
          uniq_joseph

Skill      XL: |  1  2  3  4  5  6  7  8  9 10 |
---------------+-------------------------------+-----
Fighting       | 1 2 3 4 5 6 7 9 10 | 10.1
Earth Magic    | 4 |  4.0
Axes           | 1 3 6 8 11 | 11.6
Armour         | 5 6 |  6.0
Shields        | 1 |  1.9
Dodging        | |  1.5
Stealth        | |  1.5
Spellcasting   | |  1.5
Transmutations | |  0.6

Action                   |  1- 3 |  4- 6 |  7- 9 | 10-12 || total
-------------------------+-------+-------+-------+-------++-------
Melee: Unarmed           |    16 |    19 |       |       ||    35
       Dagger            |    30 |       |       |       ||    30
       Short sword       |    59 |   335 |       |       ||   394
       Hand axe          |       |     4 |   471 |    56 ||   531
       Punch             |       |       |     1 |       ||     1
Throw: Stone             |       |       |     1 |       ||     1
 Cast: Sandblast         |    19 |    38 |    60 |       ||   117
Invok: Heroism           |       |       |    18 |     1 ||    19
 Abil: Evoke Berserk Rag |       |       |     2 |     1 ||     3
  Use: Scroll            |     1 |     3 |     9 |     1 ||    14
       Potion            |       |       |     5 |     1 ||     6
 Stab: Sleeping          |     2 |     7 |       |       ||     9
  Eat: Bread ration      |     1 |       |       |       ||     1
       Chunk             |       |    13 |    21 |       ||    34
       Meat ration       |       |       |       |     1 ||     1
       Royal jelly       |       |       |       |     1 ||     1
Armor: Robe              |    23 |    84 |     3 |       ||   110
       Skin              |       |     1 |       |       ||     1
       Ring mail         |       |       |    80 |       ||    80
       Plate armour      |       |       |    84 |    26 ||   110
Dodge: Dodged            |    81 |   314 |   182 |     1 ||   578
Block: Other             |       |    18 |    35 |       ||    53
       Reflection        |       |     1 |     2 |       ||     3
       Large shield      |       |       |   107 |    19 ||   126

Table legend:
 A = Spawn XP
 B = Non-spawn XP
 C = Spawn XP percentage of total XP
 D = Spawn monster count
 E = Non-spawn monster count
 F = Spawn count percentage of total count
 G = Total turns spent on level
                    A         B        C        D         E        F      G
               +---------+---------+-------+---------+---------+-------+---------
         Total |     604 |    4526 |  11.8 |      46 |     146 |  24.0 | 12191
               +---------+---------+-------+---------+---------+-------+---------
           D:1 |       0 |      39 |   0.0 |       0 |      17 |   0.0 |  1166
           D:2 |      28 |      82 |  25.5 |      13 |      24 |  35.1 |  2281
           D:3 |       6 |     168 |   3.4 |       4 |      30 |  11.8 |  1773
           D:4 |      17 |     473 |   3.5 |       8 |      19 |  29.6 |  1558
           D:5 |     429 |     595 |  41.9 |      13 |      16 |  44.8 |  1822
           D:6 |      60 |     577 |   9.4 |       5 |      19 |  20.8 |  2101
           D:7 |      64 |    2592 |   2.4 |       3 |      21 |  12.5 |  1490
               +---------+---------+-------+---------+---------+-------+---------
